AoeStats
← Rodrigo Lao Tse

Arabia

508540060Analyzed
1v1 RM · 9d ago on Sep 22, 2026· 23m 11s· 2 players
Game mode
Random Map
Map size
Tiny (2 player)
Population
200
Speed
Normal
Resources
Standard
Victory
Conquest
Starting age
Dark Age
Ending age
Imperial Age
RankedLock teamsTeams togetherTeam positionsShared explorationLock speedFull tech treeHidden civsTurbo modeCheats
Victory
Defeat
🇨🇱 Maya · Chile
904
+18
🇫🇷 Lithuanians · France
904
-16
omago
7:58 Loom
10:34 Feudal Age
11:13 Double-Bit Axe
11:09 Horse Collar
12:27 Man-at-Arms
Rodrigo Lao Tse
0:26 Loom
10:14 Feudal Age
19:27 Fletching
Connection lost

Rejoining the realm…

Still unreachable

The connection could not be restored.

Session expired

The server has moved on; the page needs a fresh start.